 Dungeon Crawl Stone Soup version 0.29-a0-11-ga75d3d9 (webtiles) character file.

Game seed: 5194122831107515630

19973 Illumine the Bludgeoner (level 12, -6/103 HPs)
             Began as a Palentonga Berserker on Jan 28, 2022.
             Was an Elder of Trog.
             Mangled by a cyclops (16 damage)
             ... on level 1 of the Orcish Mines.
             The game lasted 00:24:49 (16963 turns).

Illumine the Bludgeoner (Palentonga Berserker)     Turns: 16963, Time: 00:24:49

Health: -6/103     AC: 20    Str: 24    XL:     12   Next: 41%
Magic:  4/4        EV: 10    Int: 15    God:    Trog [****..]
Gold:   1101       SH:  5    Dex: 10    Spells: 11/11 levels left

rFire   + + .      SeeInvis +   J - +7 great mace (antimagic)
rCold   . . .      Faith    .   (shield currently unavailable)
rNeg    . . .      Spirit   .   w - +0 plate armour
rPois   .          Reflect  +   (no helmet)
rElec   .          Harm     .   (no cloak)
rCorr   .          Rampage  .   s - +0 pair of gloves
Will    ++...                   (no barding)
Stlth   ..........              x - amulet "Luloriner" {Reflect +Blink rF++ SH+5}
HPRegen 1.27/turn               q - +4 ring of evasion
MPRegen 0.09/turn               u - +6 ring of intelligence

@: strong-willed, regenerating, studying Armour, curled up, very slow
A: large, rugged brown scales 3, see invisible, deformed body, roll 1, armoured
tail, reflexive curl
a: Rolling Charge, Renounce Religion, Evoke Blink, Berserk, Trog's Hand,
Brothers in Arms


You were on level 1 of the Orcish Mines.
You worshipped Trog.
Trog was greatly pleased with you.
You visited 2 branches of the dungeon, and saw 13 of its levels.
You also visited: Bailey.

You collected 1101 gold pieces.

Inventory:

Hand Weapons
 a - a +1 morningstar of flaming
 J - a +7 antimagic great mace (weapon)
Missiles
 f - 9 curare-tipped darts
 H - 3 throwing nets
Armour
 b - a +0 animal skin
 s - a +0 pair of gloves (worn)
 w - a +0 plate armour (worn)
Jewellery
 d - an amulet of faith
 q - a +4 ring of evasion (left hand)
 u - a +6 ring of intelligence (right hand)
 x - the amulet "Luloriner" (around neck) {Reflect +Blink rF++ SH+5}
   (You acquired it on level 7 of the Dungeon)

   [amulet of reflection]

   It reflects blocked missile attacks.
   rF:        It greatly protects you from fire.
   +Blink:    It lets you blink.
   SH:        It affects your SH (+5).
 A - a ring of fire
 C - a ring of fire
Wands
 c - a wand of charming (4)
 g - a wand of mindburst (21)
 h - a wand of flame (11)
 B - a wand of paralysis (20)
 F - a wand of acid (4)
 I - a wand of iceblast (7)
Scrolls
 e - 2 scrolls of enchant weapon
 j - a scroll of brand weapon {unknown}
 k - a scroll of fog {unknown}
 l - a scroll of holy word {unknown}
 m - a scroll of amnesia {unknown}
 o - 2 scrolls of vulnerability {unknown}
 p - 3 scrolls of blinking
 r - 3 scrolls of teleportation
 v - 2 scrolls of fear
 y - a scroll of enchant armour {unknown}
 z - a scroll of summoning {unknown}
 D - a scroll of magic mapping {unknown}
 E - a scroll of immolation {unknown}
 G - 2 scrolls of identify
Potions
 i - 2 potions of lignification
 n - 3 potions of mutation
 t - a potion of flight {unknown}
 K - a potion of attraction {unknown}
 L - a potion of might {unknown}


   Skills:
 + Level 9.9 Fighting
 * Level 15.3 Maces & Flails
 + Level 9.9 Armour
 - Level 4.0 Dodging
 - Level 5.0 Evocations


You had 11 spell levels left.
You didn't know any spells.
Your spell library was empty.

Dungeon Overview and Level Annotations

Branches:
Dungeon (12/15)            Temple (0/1) D:5            Lair (0/6) D:11
    Orc (1/2) D:11         Bailey (visited)

Altars:
Ashenzari
Cheibriados
Dithmenos
Fedhas
Hepliaklqana
Kikubaaqudgha
Sif Muna
Uskayaw
Yredelemnul
The Shining One

Annotations:
D:11 exclusion: 2 oklob plants


Innate Abilities, Weirdness & Mutations

You are completely covered in rugged brown scales. (AC +3, +7% HP)
You have supernaturally acute eyesight. (SInv)
Armour fits poorly on your strangely shaped body.
You can roll at nearby foes to attack.
You have a long armoured tail.
You curl defensively after being hit. (AC +7*)


Message History

You bludgeon the cyclops!!
You kill the cyclops!
Trog accepts your kill.
An ogre comes into view. It is wielding a +0 giant spiked club.
You flatten the warg like a pancake!!!
You kill the warg!
Trog accepts your kill.
You see here a warg corpse.
Your ogre goes berserk!
Trog will no longer gift you weapons.
The cyclops throws a large rock.
The large rock hits you!!
Unknown command.
The cyclops throws a large rock.
The large rock closely misses you.
You see here 2 large rocks.
Roll where?
Press: ? - help, Dir - move target, f - cyclops
Aim: a cyclops, quivering large rocks (ally target)
You roll forward with a clatter of scales!
You enter the shallow water.
Moving in this stuff is going to be slow.
You sock the cyclops!
The cyclops is moderately wounded.
The cyclops throws a large rock.
The large rock hits you!!
* * * LOW HITPOINT WARNING * * *
Unknown command.
Okay, then.
Your skin crawls.
You feel strong-willed.
The cyclops throws a large rock.
The large rock closely misses you.
You completely miss the cyclops.
The cyclops is moderately wounded.
The cyclops throws a large rock.
The large rock hits you!!
* * * LOW HITPOINT WARNING * * *
The cyclops throws a large rock.
The large rock hits you but does no damage.
The cyclops throws a large rock.
The large rock barely misses you.
The large rock hits the ogre!!!
The ogre dies!
The cyclops hits you!
You die...

.......P.≈≈'C...
.........≈≈'C...
.........≈≈'.C..
.........≈≈#...
.........≈≈#
.........≈C####
....#....CC≈≈≈#
#..##...C.≈≈≈≈#
... #.....@C≈≈#
.. #.....°≈≈≈#
.#......≈≈≈#
........°.≈O#
..#......†≈.#
..#.........#
#.........#
#.........#
#.........#


You could see 5 cyclopes and a friendly ogre (summoned, berserk).

Vanquished Creatures
  Harold (D:11)
  Erolcha (D:11)
  3 two-headed ogres
  Sonja (Orc:1)
  Nergalle (D:11)
  5 deep elf zephyrmancers
  5 deep elf pyromancers (D:11)
  3 cyclopes
  Maggie (D:9)
  2 unseen horrors (D:11)
  A kobold demonologist (D:11)
  2 trolls (D:11)
  A meliai zombie (D:11)
  A shadow (D:10)
  13 yaks
  A steam dragon (D:10)
  3 vampire mosquitoes
  A warg (Orc:1)
  Duvessa (D:5)
  An acid dragon (D:10)
  2 water moccasins
  4 ice beasts
  2 sky beasts (D:6)
  A black bear (D:7)
  5 orc warriors
  A necrophage (D:8)
  7 centaurs
  6 ogres
  A phantom (D:10)
  2 kobold brigands
  Blork the orc (D:4)
  A gnoll sergeant (D:8)
  2 scorpions
  Dowan (D:5)
  2 troll zombies (D:11)
  13 wights
  5 killer bees (D:6)
  A howler monkey (D:11)
  An electric eel (D:12)
  5 centaur zombies
  A jelly (D:8)
  3 hounds
  A centaur skeleton (D:6)
  6 orc priests
  A bullfrog skeleton (D:3)
  4 iguanas
  Jessica (D:2)
  Ijyb (D:5)
  Terence (D:2)
  5 orc wizards
  A killer bee zombie (D:7)
  6 ogre zombies (D:11)
  A mummy (D:5)
  16 gnolls
  2 adders (D:4)
  2 shadow imps
  A white imp (D:6)
  5 ufetubi
  2 adder skeletons (D:4)
  2 worms
  A dart slug (D:3)
  42 orcs
  3 bats
  2 endoplasms
  4 giant cockroaches
  10 goblins
  6 hobgoblins
  16 kobolds
  4 quokkas
  11 ball pythons
  4 frilled lizards
  A goblin skeleton (D:11)
  4 goblin zombies (D:11)
  A hobgoblin skeleton (D:11)
  3 hobgoblin zombies (D:11)
  4 orc skeletons (D:11)
  12 orc zombies (D:11)
  3 rats
304 creatures vanquished.

Vanquished Creatures (others)
  An ogre (Orc:1)
  14 plants
15 creatures vanquished.

Grand Total: 319 creatures vanquished

Notes
Turn   | Place    | Note
-------+----------+-------------------------------------------
     0 | D:1      | Illumine the Palentonga Berserker began the quest for the
                  | Orb.
     0 | D:1      | Reached XP level 1. HP: 19/19 MP: 1/1
   199 | D:1      | Reached XP level 2. HP: 25/25 MP: 2/2
   830 | D:2      | Found a faded altar of an unknown god.
   968 | D:2      | Reached skill level 4 in Maces & Flails
  1062 | D:2      | Noticed Jessica
  1070 | D:2      | Killed Jessica
  1071 | D:2      | Reached XP level 3. HP: 26/31 MP: 3/3
  1247 | D:2      | Noticed Terence
  1256 | D:2      | Killed Terence
  1257 | D:2      | Reached skill level 5 in Maces & Flails
  1257 | D:2      | Reached XP level 4. HP: 37/37 MP: 4/4
  1375 | D:2      | Reached ** piety under Trog
  2338 | D:3      | Found an ancient bone altar of Kikubaaqudgha.
  2845 | D:3      | Reached XP level 5. HP: 43/43 MP: 5/5
  2854 | D:3      | Reached skill level 6 in Maces & Flails
  3470 | D:4      | Noticed Blork the orc
  3471 | D:4      | Noticed an ogre
  3795 | D:4      | Found a blossoming altar of Fedhas.
  3833 | D:4      | Killed an ogre
  3834 | D:4      | Reached skill level 7 in Maces & Flails
  3834 | D:4      | Reached XP level 6. HP: 50/50 MP: 6/6
  3907 | D:4      | Found a hazy altar of Hepliaklqana.
  3984 | D:4      | Reached *** piety under Trog
  4121 | D:4      | Killed Blork the orc
  4392 | D:4      | Found a glowing golden altar of the Shining One.
  4419 | D:4      | Found a shimmering blue altar of Sif Muna.
  4569 | D:5      | Entered Level 5 of the Dungeon
  4614 | D:5      | Reached skill level 8 in Maces & Flails
  4614 | D:5      | Gained mutation: You curl defensively after being hit. (AC
                  | +7*) [Palentonga growth]
  4614 | D:5      | Reached XP level 7. HP: 18/55 MP: 7/7
  4830 | D:5      | Noticed Dowan
  4830 | D:5      | Noticed Duvessa
  4869 | D:5      | Noticed Ijyb
  4938 | D:5      | Found a staircase to the Ecumenical Temple.
  5407 | D:6      | Found a basalt altar of Yredelemnul.
  5517 | D:6      | Reached skill level 9 in Maces & Flails
  5813 | D:7      | Reached XP level 8. HP: 48/64 MP: 8/8
  6375 | D:7      | Identified 2 scrolls of acquirement
  6380 | D:7      | Acquired a manual of Armour
  6382 | D:7      | Acquired the amulet "Luloriner" {Reflect +Blink rF++ SH+5}
  6525 | D:7      | Reached skill level 10 in Maces & Flails
  6684 | D:7      | Reached skill level 5 in Fighting
  6751 | D:7      | Found a shadowy altar of Dithmenos.
  6946 | D:8      | Reached XP level 9. HP: 47/72 MP: 9/9
  7423 | D:8      | Noticed a +0 dagger
  7424 | D:8      | Noticed a +0 dagger
  7428 | D:8      | Found a hide-covered altar of Uskayaw.
  8282 | D:6      | Reached skill level 11 in Maces & Flails
  8394 | D:5      | Killed Ijyb
  8581 | D:5      | Found a snail-covered altar of Cheibriados.
  8790 | D:5      | Killed Duvessa
  8791 | D:5      | Killed Dowan
  9788 | D:9      | Reached skill level 5 in Armour
  9795 | D:9      | Reached skill level 12 in Maces & Flails
  9795 | D:9      | Reached XP level 10. HP: 49/82 MP: 10/10
 10142 | D:9      | Found a flagged portal.
 10215 | Bailey   | Entered a bailey
 10693 | D:9      | Noticed a two-headed ogre
 10702 | D:9      | Killed a two-headed ogre
 10942 | D:9      | Noticed Maggie
 10946 | D:9      | Killed Maggie
 11635 | D:9      | Reached **** piety under Trog
 11775 | D:10     | Entered Level 10 of the Dungeon
 11831 | D:10     | Noticed a two-headed ogre
 11840 | D:10     | Killed a two-headed ogre
 11841 | D:10     | Reached skill level 1 in Evocations
 12063 | D:10     | Reached skill level 13 in Maces & Flails
 12642 | D:10     | Found a broken altar of Ashenzari.
 13104 | D:11     | Noticed a cyclops
 13111 | D:11     | Killed a cyclops
 13112 | D:11     | Reached XP level 11. HP: 92/92 MP: 11/11
 13112 | D:11     | Noticed Erolcha
 13117 | D:11     | Killed Erolcha
 13222 | D:11     | Noticed Nergalle
 13229 | D:11     | Killed Nergalle
 13295 | D:11     | Noticed Harold
 13320 | D:11     | Killed Harold
 13468 | D:11     | Noticed a deep elf pyromancer
 13470 | D:11     | Noticed a deep elf pyromancer
 13471 | D:11     | Noticed a deep elf zephyrmancer
 13471 | D:11     | Noticed a deep elf zephyrmancer
 13476 | D:11     | Noticed a deep elf zephyrmancer
 13517 | D:10     | Killed a deep elf zephyrmancer
 13638 | D:11     | Noticed an oklob plant
 13686 | D:11     | Killed a deep elf zephyrmancer
 13687 | D:11     | Reached skill level 14 in Maces & Flails
 14301 | D:11     | Killed a deep elf pyromancer
 14301 | D:11     | Reached ***** piety under Trog
 14687 | D:12     | Noticed a red ugly thing
 14805 | D:11     | Killed a deep elf zephyrmancer
 14842 | D:11     | Found a staircase to the Lair.
 14951 | D:11     | Killed a deep elf pyromancer
 15084 | D:11     | Noticed a deep elf pyromancer
 15086 | D:11     | Killed a deep elf pyromancer
 15105 | D:11     | Found a staircase to the Orcish Mines.
 15118 | D:11     | Noticed a deep elf zephyrmancer
 15123 | D:11     | Killed a deep elf zephyrmancer
 15124 | D:11     | Reached XP level 12. HP: 78/101 MP: 12/12
 15127 | D:11     | Received a gift from Trog
 15705 | D:11     | Reached skill level 5 in Evocations
 15893 | Orc:1    | Entered Level 1 of the Orcish Mines
 16335 | Orc:1    | Noticed Sonja
 16345 | Orc:1    | Killed Sonja
 16346 | Orc:1    | Reached skill level 15 in Maces & Flails
 16351 | Orc:1    | HP: 4/103 [poisoned by Sonja]
 16777 | Orc:1    | Noticed a two-headed ogre
 16792 | Orc:1    | Killed a two-headed ogre
 16963 | Orc:1    | Mangled by a cyclops

Illustrated notes

Levels and vault maps discovered:
D:1:      heliophobic_arrival_enchanted_forest, layout_rooms
D:2:      layout_basic, ebering_ecumenical_altar_rust, minmay_bisected,
          uniq_jessica, uniq_terence
D:3:      layout_loops_corners, nicolae_kikubaaqudgha_miasma_corner, minivault_4
D:4:      layout_rooms, mainiacjoe_overflow_24_doors,
          mainiacjoe_overflow_two_lobes, nicolae_hepliaklqana_hippocampus,
          uniq_blork_the_orc
D:5:      layout_cave_pools, slow_altar_2, minmay_temple_entry_statues,
          serial_bayou_crossing, uniq_ijyb, uniq_duvessa
D:6:      layout_loops_ring, lemuel_coloured_pillars_altar
D:7:      layout_loops_cross, mainiacjoe_overflow_concentric_impassable
D:8:      layout_cave_pods, dancing_weapons_uskayaw
D:9:      nicolae_cairo_tiling_large, layout_basic,
          lightli_bailey_entry_fortress, uniq_maggie
D:10:     layout_rooms, mainiacjoe_overflow_tiny_flanked
D:11:     layout_gridville, dpeg_oklobed_lair, zombieorc2_lemuel,
          elves_outpost_lemuel, uniq_erolcha, uniq_harold, uniq_nergalle
D:12:     minmay_four_partial_circles, layout_basic,
          nicolae_trove_entry_isolated, uniq_psyche, uniq_nessos
Orc:1:    giant_chief_lemuel, layout_diamond_mine, serial_shops, shop,
          uniq_sonja

Skill      XL: |  1  2  3  4  5  6  7  8  9 10 11 12 |
---------------+-------------------------------------+-----
Maces & Flails | 4 5 7 8 9 10 12 13 14 15 | 15.3
Dodging        | 2 4 |  4.0
Fighting       | 4 5 6 8 9 |  9.9
Armour         | 5 7 9 |  9.9
Evocations     | 2 4 5 |  5.0

Action                   |  1- 3 |  4- 6 |  7- 9 | 10-12 || total
-------------------------+-------+-------+-------+-------++-------
Melee: Mace              |    54 |       |       |       ||    54
       Tailslap          |     3 |    20 |    29 |    53 ||   105
       Punch             |     1 |       |     2 |     5 ||     8
       Flail             |       |   110 |       |       ||   110
       Dire flail        |       |   100 |    36 |       ||   136
       Morningstar       |       |       |   217 |   303 ||   520
       Great mace        |       |       |       |    77 ||    77
Invok: Berserk           |     1 |     4 |     2 |     5 ||    12
       Trog's Hand       |       |     1 |     2 |     4 ||     7
       Brothers in Arms  |       |       |       |     1 ||     1
 Abil: Rolling Charge    |    13 |    37 |    39 |    56 ||   145
  Use: Scroll            |       |       |    13 |       ||    13
       Potion            |       |       |     1 |     4 ||     5
 Stab: Sleeping          |       |       |     1 |       ||     1
       Distracted        |       |       |       |     1 ||     1
Armor: Animal skin       |    22 |    61 |    34 |       ||   117
       Plate armour      |       |       |    32 |   166 ||   198
       Skin              |       |       |    29 |    22 ||    51
Dodge: Dodged            |    16 |   140 |   128 |   179 ||   463
Block: Other             |       |       |    34 |    79 ||   113
       Reflection        |       |       |     2 |     8 ||    10

Table legend: (Time is in decaauts)
 A = Elapsed time spent in this place.
 B = Non-inter-level travel time spent in this place.
 C = Inter-level travel time spent in this place.
 D = Time resting spent in this place.
 E = Time spent auto-exploring this place.
 F = Levels seen in this place.
 G = Mean time per level.
                   A        B        C        D        E       F      G
               +--------+--------+--------+--------+--------+-----+--------+
         Total |  17086 |  16545 |    541 |   6299 |   7702 |  14 | 1220.4 |
       Dungeon |  15769 |  15228 |    541 |   5517 |   7350 |  12 | 1314.1 |
  Orcish Mines |    894 |    894 |      0 |    415 |    352 |   1 |  894.0 |
        Bailey |    422 |    422 |      0 |    367 |      0 |   1 |  422.0 |
               +--------+--------+--------+--------+--------+-----+--------+

Top non-repeatable levels by time:
     D:9: 2075 daAuts
    D:11: 1943 daAuts
    D:10: 1899 daAuts
     D:8: 1605 daAuts
     D:3: 1378 daAuts
     D:7: 1337 daAuts
     D:2: 1239 daAuts
     D:4: 1227 daAuts
     D:6: 1148 daAuts
     D:5: 1020 daAuts
   Orc:1: 894 daAuts
     D:1: 839 daAuts
  Bailey: 422 daAuts
    D:12: 55 daAuts
